 Dungeon Crawl Stone Soup version 0.31.0-11-ge490571c62 (webtiles) character file.

Game seed: 3712422330194373141

212 Warped the Ruffian (level 5, -6/41 HPs)
             Began as a Ghoul Warper on Jan 27, 2024.
             Was a Believer of Cheibriados.
             Killed by divine providence
             ... invoked by an orc priest
              (10 damage)
             ... on level 4 of the Dungeon.
             The game lasted 00:06:49 (2302 turns).

Warped the Ruffian (Ghoul Warper)                   Turns: 2302, Time: 00:06:50

Health: -6/41      AC:  7    Str: 19    XL:     5   Next: 90%
Magic:  7/7        EV:  9    Int: 16    God:    Cheibriados [**....]
Gold:   198        SH:  6    Dex: 14    Spells: 5/7 levels left

rFire   . .          .
                       - Unarmed
rCold   + . .        s - +2 buckler
rNeg    + + +        d - +0 scale mail
rPois   ∞            m - +0 helmet
rElec   .            (no cloak)
rCorr   .            (no gloves)
SInv    .            (no boots)
Will    .....        (no amulet) Stlth
                     (no ring)
HPRegen 0.00/turn    (no ring)
MPRegen 0.10/turn

%: no passive effects
@: inhibited regen, very slow
A: claws 1, cold resistance 1, negative energy resistance 3, inhibited
regeneration, torment resistance 2, devour on kill
a: Renounce Religion, Bend Time


You were on level 4 of the Dungeon.
You worshipped Cheibriados.
Cheibriados was pleased with you.
You visited 1 branch of the dungeon, and saw 4 of its levels.

You collected 198 gold pieces.

Inventory:

Hand Weapons
 n - a +1 whip of venom
 o - a +1 antimagic sling
Missiles
 c - 7 darts of dispersal (quivered)
 p - 5 curare-tipped darts
 r - 2 poisoned darts
Armour
 d - a +0 scale mail (worn)
 m - a +0 helmet (worn)
 s - a +2 buckler (worn)
Wands
 q - a wand of paralysis (3)
Scrolls
 a - a scroll of vulnerability {unknown}
 e - 3 scrolls of amnesia {unknown}
 f - 2 scrolls of acquirement {unknown}
 h - a scroll of fog {unknown}
 i - 2 scrolls of revelation {unknown}
 j - 2 scrolls of noise {unknown}
 k - a scroll of teleportation {unknown}
 l - a scroll of identify {unknown}


   Skills:
 - Level 2.1 Fighting
 - Level 0.8 Throwing
 - Level 0.8 Armour
 - Level 1.7 Dodging
 + Level 0.7 Shields
 * Level 6.4 Unarmed Combat
 - Level 1.7 Spellcasting
 - Level 2.6 Translocations


You had 5 spell levels left.
You knew the following spells:

 Your Spells              Type           Power      Damage    Failure   Level
a - Blink                 Tloc           20%        N/A       41%         2

Your spell library contained the following spells:

 Spells                   Type           Power      Damage    Failure   Level
 Lesser Beckoning         Tloc           20%        N/A       41%         2
 Teleport Other           Tloc           10%        N/A       65%         3
 Manifold Assault         Tloc           10%        N/A       96%         4
 Vhi's Electric Charge    Tloc/Air       10%        N/A       99%         4


Dungeon Overview and Level Annotations

Branches:
Dungeon (4/15)
 Temple: D:4-7

Altars:
Cheibriados

Shops:
D:2 *[


Innate Abilities, Weirdness & Mutations

You are immune to poison.
You have sharp fingernails.
Your flesh is cold resistant. (rC+)
You are immune to negative energy. (rN+++)
You do not regenerate when monsters are visible.
You are immune to unholy pain and torment.
You thrive by killing the living.


Message History

The orc wizard attacks as it pursues you!
The orc wizard hits you but does no damage.
There is a stone staircase leading up here.
You scratch the orc wizard but do no damage.
The orc wizard is severely wounded.
The orc priest mumbles some strange prayers to Beogh against you.
Beogh smites you! The orc hits you with a +0 flail.
The orc wizard gestures wildly while chanting.
The orc wizard flickers and vanishes!
Deactivating autopickup; reactivate with Ctrl-A.
Something hits you.
* * * LOW HITPOINT WARNING * * *
The orc priest hits you with a +0 flail.
* * * LOW HITPOINT WARNING * * *
Unknown command.
You aren't carrying any potions.
You are too confused!
You are too confused!
What are your orders? t - Shout!
Anything else - Cancel.
Okay, then.
You scratch something.
You feel less confused. The orc closely misses you.
The orc priest hits you but does no damage.
You block something's attack.
Unknown command.
You barely miss the orc priest. You block the orc's attack.
You block the orc priest's attack. Something hits you.
* * * LOW HITPOINT WARNING * * *
Unknown command.
You scratch the orc priest.
The orc priest is moderately wounded.
The orc hits you with a +0 flail.
* * * LOW HITPOINT WARNING * * *
Unknown command.
You barely miss the orc.
The orc priest invokes the aid of Beogh against you.
Beogh smites you!
You die...

..##. #..............#..>.
......
##..............#.... .....
#...............#....
.....##..#.†............§..
#..#...##..........##..o$
#.......#................
##.....÷)...#>...........
#..........####..........
###<....@.## ##..........
#####oo{####...........
#...#..{...........
#...#..o........#.?
##....##.###....# ##.######
...# ### ###


You could see an orc priest and an orc.

Vanquished Creatures
  Natasha (twice) (D:3)
  Terence (D:2)
  Robin (D:3)
  5 adders
  A ribbon worm (D:3)
  A dart slug (D:2)
  4 orcs (D:3)
  7 endoplasms
  3 giant cockroaches
  13 goblins
  11 hobgoblins
  4 jackals
  4 kobolds
  2 quokkas
  3 ball pythons
  6 bats
  A frilled lizard (D:1)
  A rat (D:3)
70 creatures vanquished.

Notes
Turn   | Place    | Note
-------+----------+-------------------------------------------
     0 | D:1      | Warped the Ghoul Warper began the quest for the Orb.
     0 | D:1      | Reached XP level 1. HP: 17/17 MP: 3/3
   250 | D:1      | Reached skill level 3 in Unarmed Combat
   250 | D:1      | Reached XP level 2. HP: 24/24 MP: 4/4
   454 | D:1      | Found a faded altar of an unknown god.
   565 | D:2      | Found Rida's Antique Armour Shop.
   594 | D:2      | Reached XP level 3. HP: 26/29 MP: 5/5
   734 | D:2      | Noticed Terence
   743 | D:2      | Killed Terence
   744 | D:2      | Reached skill level 4 in Unarmed Combat
  1014 | D:2      | Reached XP level 4. HP: 36/36 MP: 6/6
  1015 | D:2      | Found a snail-covered altar of Cheibriados.
  1024 | D:2      | Became a worshipper of Cheibriados the Contemplative
  1076 | D:2      | Found Xeeno's General Store.
  1541 | D:3      | Reached * piety under Cheibriados
  1588 | D:3      | Reached skill level 5 in Unarmed Combat
  1648 | D:3      | Noticed Robin
  1683 | D:3      | Killed Robin
  1692 | D:3      | Reached XP level 5. HP: 17/41 MP: 5/7
  1786 | D:3      | Learned a level 2 spell: Blink
  1799 | D:3      | Noticed Natasha
  1807 | D:3      | Killed Natasha
  1874 | D:3      | Reached skill level 6 in Unarmed Combat
  1983 | D:3      | Noticed Natasha
  1989 | D:3      | Killed Natasha
  2087 | D:4      | Reached ** piety under Cheibriados
  2141 | D:4      | HP: 2/41 [orc/+0 short sword (4)]
  2302 | D:4      | Killed from afar by an orc priest

Illustrated notes

Levels and vault maps discovered:
D:1:      tarquinn_simple_flora_water_a, layout_basic,
          hellmonk_ecumenical_altar_inner_sanctum
D:2:      layout_basic, serial_shops, shop_fountains, shop, basic_altar,
          uniq_terence
D:3:      layout_basic, uniq_natasha, uniq_robin
D:4:      layout_cave_pools

Skill      XL: |  1  2  3  4  5 |
---------------+----------------+-----
Unarmed Combat | 3 4 5 6 |  6.4
Fighting       | |  2.1
Throwing       | |  0.8
Armour         | |  0.8
Dodging        | |  1.7
Shields        | |  0.7
Spellcasting   | |  1.7
Translocations | |  2.6

Action                     |  1- 3 |  4- 6 || total
---------------------------+-------+-------++-------
  Melee: Unarmed           |    61 |   174 ||   235
         Punch             |     1 |     3 ||     4
 Invoke: Bend Time         |       |     2 ||     2
    Use: Scroll            |       |     1 ||     1
         Potion            |       |     1 ||     1
 Armour: Scale mail        |    32 |   127 ||   159
         Leather armour    |     1 |       ||     1
  Dodge: Dodged            |    23 |    88 ||   111
  Block: Buckler           |       |    14 ||    14
